 Dungeon Crawl Stone Soup version 0.21-a0-125-gb006224 (webtiles) character file.

95635 caffeined the Severer (level 15, -4/208 HPs)
             Began as a Minotaur Berserker on July 15, 2017.
             Was the Champion of Trog.
             Slain by a merfolk
             ... wielding a +0 trident
              (11 damage)
             ... on level 2 of the Shoals.
             The game lasted 00:58:20 (27575 turns).

caffeined the Severer (Minotaur Berserker)         Turns: 27575, Time: 00:58:21

Health: -4/208     AC: 23    Str: 29    XL:     15   Next: 66%
Magic:  0/18       EV: 18    Int:  4    God:    Trog [******]
Gold:   553        SH:  5    Dex: 14    Spells: 14/14 levels left

rFire    + . .     SeeInvis .   s - +3 battleaxe "Caol" {chop, *Drain rF+ rC+}
rCold    + . .     Gourm    .   (shield currently unavailable)
rNeg     . . .     Faith    .   o - +6 scale mail "Koum" {rPois MR+ Regen+}
rPois    +         Spirit   +   (helmet restricted)
rElec    .         Reflect  +   V - scarf {Spirit}
rCorr    .         Harm     .   p - +2 pair of gloves
MR       ++...                  T - +2 pair of boots {run}
Stlth    ..........             C - +5 amulet of reflection
HPRegen  0.84/turn              Y - ring of flight
MPRegen  0.16/turn              v - ring of poison resistance

@: berserking, lethally poisoned (-4 -> -11), flying, very quick
A: retaliatory headbutt, horns 2
a: Berserk, Trog's Hand, Brothers in Arms, Burn Spellbooks, Renounce Religion,
Stop Flying


You were on level 2 of the Shoals.
You worshipped Trog.
Trog was exalted by your worship.
You were near starving.

You visited 4 branches of the dungeon, and saw 25 of its levels.
You also visited: Ossuary.

You collected 1953 gold pieces.
You spent 1400 gold pieces at shops.

Inventory:

Hand Weapons
 c - a +2 executioner's axe of flaming
 e - a +5 battleaxe of freezing
 s - the +3 battleaxe "Caol" (weapon) {chop, *Drain rF+ rC+}
   (You found it on level 6 of the Lair of Beasts)

   It inflicts extra damage upon your enemies.
   It protects you from fire.
   It protects you from cold.
   It causes draining when unequipped.
 Z - a +4 antimagic battleaxe
Missiles
 j - 33 tomahawks (quivered)
 m - 7 poisoned javelins
 n - an arrow
Armour
 o - the +6 scale mail "Koum" (worn) {rPois MR+ Regen+}
   (You bought it in a shop on level 2 of the Orcish Mines)

   It protects you from poison.
   It affects your resistance to hostile enchantments.
   It increases your rate of regeneration.
 p - a +2 pair of gloves (worn)
 u - a +2 cloak
 H - a scarf of resistance
 T - a +2 pair of boots of running (worn)
 V - a scarf of spirit shield (worn)
Jewellery
 a - an uncursed ring of protection from fire
 d - an uncursed ring of protection from fire
 v - a ring of poison resistance (right hand)
 B - an uncursed ring of protection from magic
 C - a +5 amulet of reflection (around neck)
 P - an uncursed amulet of magic regeneration
 W - an uncursed ring of flight
 Y - a ring of flight (left hand)
Wands
 f - a wand of flame (11/48)
 h - a wand of confusion (17/48)
 i - a wand of iceblast (9/15)
 l - a wand of iceblast (10/15)
 D - a wand of paralysis (11/24)
 E - a wand of scattershot (1/9)
 L - a wand of iceblast (7/15)
 O - a wand of acid (15/15)
 U - a wand of disintegration (9/24)
Scrolls
 b - a scroll of enchant armour
 g - a scroll of fog
 q - 14 scrolls of teleportation
 r - 6 scrolls of remove curse
 y - 2 scrolls of magic mapping
 A - 7 scrolls of identify
 S - 4 scrolls of recharging
Potions
 k - 6 potions of mutation
 w - 4 potions of agility
 z - 4 potions of curing
 G - 4 potions of flight
 J - a potion of resistance
 K - 2 potions of might
 M - 2 potions of haste
 N - 2 potions of magic
 R - 3 potions of brilliance
Comestibles
 t - 2 royal jellies
 x - 8 fruits
 F - 12 bread rations


   Skills:
 - Level 14.7 Fighting
 - Level 20.0 Axes
 - Level 0.2 Throwing
 - Level 14.7 Armour
 - Level 12.7 Dodging
 - Level 1.4 Stealth
 + Level 5.7 Evocations


You had 14 spell levels left.
You didn't know any spells.

Dungeon Overview and Level Annotations

Branches:
Dungeon (15/15)            Temple (0/1) D:6            Lair (6/6) D:10
 Shoals (2/4) Lair:3       Spider (0/4) Lair:2        Slime (0/5) Lair:6
    Orc (2/2) D:9             Elf (0/3) Orc:2        Vaults (0/5) D:14
 Depths (0/5) D:15

Altars:
Ashenzari
Dithmenos
Fedhas
Hepliaklqana
Okawaru
Uskayaw
Wu Jian
Xom
The Shining One
Beogh

Shops:
D:6 }   Orc:2 *([:

Annotations:
D:15 1 runed door, exclusion: orange crystal statue
Lair:1 exclusion: oklob plant
Shoals:1 exclusion: Roxanne, Roxanne


Innate Abilities, Weirdness & Mutations

You reflexively headbutt those who attack you in melee.
You have a pair of horns on your head.


Message History

You slice the sea snake!!
The sea snake is severely wounded.
You slice the sea snake!!
You kill the sea snake!
Trog accepts your kill.
Your scale mail "Koum" prevents you from hitting the water nymph.
You gasp with relief as air once again reaches your lungs.
You feel sick.
The sea snake bites you but does no damage.
The merfolk hits you but does no damage.
You barely miss the water elemental. You slice the sea snake!!
You feel the power of Trog in you as your rage grows.
You kill the sea snake!
Trog accepts your kill.
You slice the water nymph!!
You feel sick.
The water nymph points at you and mumbles some strange words.
The water rises up and strikes you!
* * * LOW HITPOINT WARNING * * *
The merfolk hits you from afar with a trident!
You die...

.##.≈..≈. ≈≈≈≈
.<....... .≈≈≈≈≈≈
....=≈... ..≈≈≈≈≈
#...≈≈.# ..≈≈≈≈≈
#..≈≈.##..≈≈≈≈≈
###..≈...#m...≈≈≈
.....≈.........≈≈
......)@†≈..≈≈≈≈≈
≈......Emm≈≈≈≈≈≈≈
≈≈≈..≈≈m≈m(≈≈≈≈≈≈
≈≈≈...≈≈≈...≈≈≈≈≈
≈≈≈≈≈≈≈≈≈....≈≈≈≈
.≈≈≈≈≈≈≈≈....≈...
≈≈≈≈.≈≈≈≈<..≈≈≈?.
≈≈≈≈≈≈≈≈....≈≈..#
≈≈≈≈≈...#.>...#


You could see a merfolk aquamancer, 3 merfolk, a water elemental and a water
nymph.

Vanquished Creatures
  Frances (Shoals:1)
  A caustic shrike zombie (D:15)
  A merfolk impaler (Shoals:1)
  Fannar (D:12)
  8 vault guards (D:14)
  2 catoblepae
  A rakshasa (D:15)
  8 two-headed ogres
  5 centaur warriors
  3 death yaks (Lair:6)
  An ogre mage (Orc:2)
  A deep troll shaman (Lair:6)
  3 orc high priests
  2 skeletal warriors (D:15)
  A wizard (D:14)
  An unseen horror (D:10)
  3 sea snakes
  A lindwurm (Lair:6)
  A flayed ghost (D:15)
  An orc knight (D:15)
  A necromancer (D:15)
  3 orc sorcerers (Orc:2)
  A deep elf mage (D:13)
  7 fauns (Shoals:1)
  4 manticores
  A stone giant zombie (D:15)
  A black mamba (Lair:5)
  A merfolk siren (Shoals:1)
  2 cyclopes (D:15)
  3 centaur zombies
  7 elephants
  13 spiny frogs
  A kobold demonologist (D:14)
  2 gargoyles
  A spriggan zombie (D:15)
  A rime drake (Lair:6)
  7 komodo dragons
  3 harpy zombies (Shoals:1)
  2 jumping spiders (Lair:2)
  6 merfolk (Shoals:1)
  8 trolls
  3 polar bears (Lair:6)
  A hornet (D:10)
  Prince Ribbit (D:5)
  A meliai (shapeshifter) (D:14)
  2 wind drakes (Shoals:1)
  10 blink frogs
  2 snapping turtles
  An ice dragon zombie (D:15)
  10 hippogriffs
  10 slime creatures
  A blink frog (shapeshifter) (D:14)
  2 vampires
  3 redbacks (Lair:2)
  A spriggan (D:14)
  3 wraiths
  A water elemental (Shoals:2)
  A shadow (D:12)
  4 wyverns
  52 yaks
  A fire elemental (D:15)
  A steam dragon (D:11)
  3 basilisks
  2 hungry ghosts (D:10)
  2 vampire mosquitoes (D:15)
  2 wargs
  Edmund (D:5)
  13 water moccasins
  12 porcupines
  28 orc warriors
  A black bear (shapeshifter) (D:13)
  2 ice beasts
  2 black bears
  3 phantoms
  4 sky beasts
  10 wolves (Lair:6)
  14 ogres
  7 centaurs
  12 crocodiles
  5 big kobolds
  2 hippogriff zombies (Shoals:1)
  20 bullfrogs
  A gnoll sergeant (Orc:2)
  3 wyvern skeletons
  4 scorpions
  21 killer bees
  18 wights
  3 electric eels
  6 howler monkeys
  9 crimson imps
  2 quasits
  4 hounds
  A human zombie (Ossuary)
  4 bullfrog skeletons
  2 jellies
  25 orc wizards
  29 orc priests
  5 centaur skeletons
  2 gnoll shamans
  7 iguanas
  6 hell rats (Lair:5)
  7 worker ants
  Terence (D:3)
  A hound zombie (D:8)
  A hound skeleton (D:7)
  4 mummies (Ossuary)
  5 worker ant zombies
  27 gnolls
  15 adders
  5 shadow imps
  A white imp (D:4)
  An ooze (D:5)
  3 adder skeletons
  2 worms
  A dart slug (D:3)
  3 leopard geckos
  92 orcs
  5 ball pythons
  6 giant cockroaches
  7 goblins
  6 hobgoblins
  15 jackals
  8 quokkas
  7 bats
  4 frilled lizards
  A goblin skeleton (D:4)
  3 goblin zombies
  2 hobgoblin zombies
  23 kobolds
  A kobold skeleton (D:4)
  4 kobold zombies
  A leopard gecko skeleton (D:4)
  An orc skeleton (D:4)
  2 orc zombies (Ossuary)
  11 rats
  7 fungi
  8 plants
820 creatures vanquished.

Vanquished Creatures (collateral kills)
  Saint Roka (Orc:2)
  Nessos (D:12)
  A hydra (Lair:5)
  A centaur warrior (D:12)
  3 yaks (Lair:5)
  An orc warrior (Orc:2)
  An orc wizard (Orc:2)
  An orc (Orc:2)
10 creatures vanquished.

Vanquished Creatures (others)
  A satyr (Shoals:1)
  An unseen horror (D:15)
  An orc wizard (Orc:2)
  3 fungi
  A plant (Lair:5)
7 creatures vanquished.

Grand Total: 837 creatures vanquished

Notes
Turn   | Place    | Note
-------+----------+-------------------------------------------
     0 | D:1      | caffeined the Minotaur Berserker began the quest for the Orb.
     0 | D:1      | Reached XP level 1. HP: 19/19 MP: 0/0
   101 | D:1      | Reached skill level 4 in Axes
   179 | D:1      | Reached XP level 2. HP: 16/26 MP: 1/1
   523 | D:1      | Reached skill level 5 in Axes
   653 | D:1      | Reached XP level 3. HP: 25/31 MP: 2/2
  1111 | D:1      | Reached ** piety under Trog
  1195 | D:2      | Found a blossoming altar of Fedhas.
  1237 | D:2      | Found an ornate altar of the Wu Jian Council.
  1786 | D:2      | Reached XP level 4. HP: 39/39 MP: 3/3
  1914 | D:2      | Found a shimmering altar of Xom.
  1914 | D:2      | Found a shattered altar of Ashenzari.
  2226 | D:3      | Noticed Terence
  2233 | D:3      | Killed Terence
  2233 | D:3      | Reached skill level 6 in Axes
  2404 | D:3      | Found an iron altar of Okawaru.
  2426 | D:3      | Reached XP level 5. HP: 37/45 MP: 4/4
  2439 | D:3      | Reached skill level 7 in Axes
  2772 | D:3      | Reached skill level 1 in Stealth
  3190 | D:3      | Reached *** piety under Trog
  3239 | D:3      | Reached skill level 8 in Axes
  3239 | D:3      | Reached XP level 6. HP: 49/51 MP: 5/5
  3998 | D:4      | Reached skill level 9 in Axes
  4024 | D:4      | Reached XP level 7. HP: 49/59 MP: 6/6
  4065 | D:4      | Found a glowing golden altar of the Shining One.
  4724 | D:5      | Entered Level 5 of the Dungeon
  4738 | D:5      | Found a sand-covered staircase.
  4750 | Ossuary  | Entered an ossuary
  4869 | Ossuary  | Reached **** piety under Trog
  5264 | D:5      | Reached skill level 5 in Fighting
  5266 | D:5      | Reached skill level 10 in Axes
  5382 | D:5      | Reached XP level 8. HP: 68/68 MP: 7/7
  5404 | D:5      | Noticed Prince Ribbit
  5413 | D:5      | Killed Prince Ribbit
  5784 | D:5      | Noticed Edmund
  5794 | D:5      | Killed Edmund
  5794 | D:5      | Reached skill level 5 in Armour
  6566 | D:6      | Reached skill level 11 in Axes
  6643 | D:6      | Found Lucyl's Gadget Emporium.
  6646 | D:6      | Found a staircase to the Ecumenical Temple.
  6647 | D:6      | Bought a wand of iceblast (7/15) for 121 gold pieces
  6666 | D:6      | Found a hazy altar of Hepliaklqana.
  7118 | D:6      | Reached XP level 9. HP: 60/78 MP: 8/8
  7367 | D:7      | Found a hide-covered altar of Uskayaw.
  7717 | D:7      | Reached skill level 12 in Axes
  8547 | D:8      | Reached ***** piety under Trog
  8827 | D:8      | Reached skill level 13 in Axes
  8899 | D:8      | Found a shadowy altar of Dithmenos.
  8937 | D:8      | Reached XP level 10. HP: 89/89 MP: 9/9
  8977 | D:8      | Identified a +2 pair of boots of running (You found it on level 8 of the Dungeon)
  9213 | D:9      | Found a staircase to the Orcish Mines.
  9665 | D:9      | Noticed a two-headed ogre
  9675 | D:9      | Killed a two-headed ogre
  9675 | D:9      | Reached skill level 14 in Axes
 10158 | D:10     | Entered Level 10 of the Dungeon
 10158 | D:10     | Found a staircase to the Lair.
 10611 | D:10     | Noticed a gargoyle
 10639 | D:10     | Killed a gargoyle
 10949 | D:10     | Noticed a two-headed ogre
 10963 | D:10     | Killed a two-headed ogre
 10963 | D:10     | Reached skill level 10 in Fighting
 10963 | D:10     | Reached skill level 10 in Armour
 10963 | D:10     | Reached XP level 11. HP: 72/100 MP: 10/10
 10985 | D:10     | Received a gift from Trog
 11372 | D:10     | Killed an unseen horror
 11466 | Lair:1   | Entered Level 1 of the Lair of Beasts
 11482 | Lair:1   | Reached skill level 15 in Axes
 11522 | Lair:1   | Noticed an oklob plant
 12391 | Lair:1   | Reached skill level 16 in Axes
 12826 | Lair:2   | Found a hole to the Spider Nest.
 13797 | Lair:2   | Reached skill level 17 in Axes
 14240 | Lair:3   | Reached XP level 12. HP: 107/107 MP: 3/11
 14566 | Lair:3   | Reached skill level 18 in Axes
 15409 | Lair:3   | Found a staircase to the Shoals.
 16742 | Lair:5   | Reached skill level 19 in Axes
 17575 | Lair:5   | Noticed a six-headed hydra
 17584 | Lair:5   | Killed a six-headed hydra
 17778 | Lair:5   | Reached skill level 20 in Axes
 18068 | Lair:6   | Entered Level 6 of the Lair of Beasts
 18068 | Lair:6   | Found a staircase to the Slime Pits.
 18185 | Lair:6   | Received a gift from Trog
 18333 | Lair:6   | Reached XP level 13. HP: 112/115 MP: 12/12
 18588 | Lair:6   | Reached ****** piety under Trog
 18879 | Lair:6   | Got an encrusted battleaxe
 18880 | Lair:6   | Identified the +3 battleaxe "Caol" {chop, *Drain rF+ rC+} (You found it on level 6 of the Lair of Beasts)
 20036 | D:11     | Received a gift from Trog
 20691 | D:12     | Noticed Nessos
 20717 | D:12     | Killed Nessos
 21166 | D:12     | Noticed Fannar
 21183 | D:12     | Killed Fannar
 21700 | D:13     | Reached XP level 14. HP: 116/130 MP: 13/13
 22737 | Orc:1    | Entered Level 1 of the Orcish Mines
 23103 | Orc:2    | Entered Level 2 of the Orcish Mines
 23165 | Orc:2    | Found a roughly hewn altar of Beogh.
 23173 | Orc:2    | Found Qewkiebb's General Store.
 23185 | Orc:2    | Bought the +6 scale mail "Koum" {rPois MR+ Regen+} for 762 gold pieces
 23406 | Orc:2    | Found a staircase to the Elven Halls.
 23659 | Orc:2    | Received a gift from Trog
 23684 | Orc:2    | Found a roughly hewn altar of Beogh.
 23734 | Orc:2    | Noticed Saint Roka
 23744 | Orc:2    | Found a roughly hewn altar of Beogh.
 23744 | Orc:2    | Found Taprab's Book Boutique.
 23919 | Orc:2    | Reached skill level 5 in Dodging
 23971 | Orc:2    | Killed Saint Roka
 24147 | Orc:2    | Found Odaid's Antique Weapon Emporium.
 24160 | Orc:2    | Found Ysaat's Antique Armour Shoppe.
 24162 | Orc:2    | Found a roughly hewn altar of Beogh.
 24183 | Orc:2    | Bought a pair of glowing gloves for 165 gold pieces
 24183 | Orc:2    | Bought a glowing scarf for 176 gold pieces
 24183 | Orc:2    | Bought a glowing scarf for 176 gold pieces
 24423 | Orc:2    | Found a roughly hewn altar of Beogh.
 24465 | Orc:2    | Found a roughly hewn altar of Beogh.
 25023 | D:14     | Reached skill level 10 in Dodging
 25182 | D:14     | Reached XP level 15. HP: 139/139 MP: 14/14
 25261 | D:14     | Found a gate to the Vaults.
 25813 | D:15     | Entered Level 15 of the Dungeon
 25889 | D:15     | Found a staircase to the Depths.
 26043 | D:15     | Found a runed door.
 26519 | D:15     | Received a gift from Trog
 26785 | Shoals:1 | Entered Level 1 of the Shoals
 26828 | Shoals:1 | Noticed Roxanne
 26847 | Shoals:1 | Reached skill level 1 in Evocations
 26954 | Shoals:1 | Received a gift from Trog
 27193 | Shoals:1 | Noticed Frances
 27209 | Shoals:1 | Killed Frances
 27357 | Shoals:1 | Reached skill level 5 in Evocations
 27575 | Shoals:2 | HP: 7/208 [water nymph/the raging water (27)]
 27575 | Shoals:2 | Slain by a merfolk

Vault maps used:
D:1:      lightli_arrival_statue_moat
D:2:      lemuel_doored_altar, chequers_temple_overflow_statue_of_worship,
          overflow_temple_1_default, dk_noncrumbling_3
D:3:      hangedman_feature_mirror, minivault_27, okawaru_ov_weapons_minmay,
          uniq_terence
D:4:      nicolae_tso_besieged_by_evil, first_bread
D:5:      cheibrodos_iron_armory, enter_ossuary_3, hangedman_decor_lopped,
          st_stairs_3, uniq_edmund, uniq_prince_ribbit1
D:6:      minmay_cornered_nines, kennysheep_mini_moat, temple_statues,
          serial_shops, nicolae_shop_stone
D:7:      eat_drink_and_be_merry_uskayaw
D:8:      nicolae_dithmenos_shadow_blocks
D:10:     lair_entry_dummy
D:12:     uniq_nessos, uniq_fannar
D:14:     erik_vaults_2, roderic_lattice_octagonal_star, the_bakery
D:15:     gammafunk_depths_entry_grave, kennysheep_pointless_box,
          minmay_crystal_box
Lair:1:   minmay_lair_oklob_chamber
Lair:2:   nicolae_spider_entry_tight_spaces
Lair:3:   statuecave_lemuel, minmay_shoals_entry_hut, grunt_megastairs_1
Lair:4:   hibernation_bobbens, serial_bayou_shore_a
Lair:5:   lemuel_fruit_fields
Lair:6:   grunt_lair_end_beastmaster, slime_dummy
Shoals:1: cheibrodos_shoals_oceanic_diplomacy, nicolae_shoals_undead_eyrie,
          uniq_frances, uniq_roxanne
Shoals:2: lemuel_oklob_altar, uniq_nikola, uniq_polyphemus
Orc:2:    grunt_orc_community_town_hall, grunt_orc_community_big_house_2,
          grunt_orc_community_big_house_2, grunt_orc_community_house_3,
          grunt_orc_community_house_3, grunt_orc_community_house_1,
          grunt_orc_community_house_2, grunt_orc_community_house_3,
          grunt_orc_community_house_1
Ossuary:  ossuary_crypta

Skill      XL: |  1  2  3  4  5  6  7  8  9 10 11 12 13 14 15 |
---------------+----------------------------------------------+-----
Axes           | 4 5 6 8 9 10 11 13 14 17 20 | 20.0
Stealth        | 1 |  1.4
Fighting       | 4 5 6 8 10 13 14 | 14.7
Armour         | 4 6 8 10 13 14 | 14.7
Dodging        | 10 12 | 12.7
Evocations     | 5 |  5.7
Throwing       | |  0.2

Action                   |  1- 3 |  4- 6 |  7- 9 | 10-12 | 13-15 || total
-------------------------+-------+-------+-------+-------+-------++-------
Melee: Hand axe          |    94 |   156 |   404 |   399 |       ||  1053
       Headbutt          |     9 |    33 |    78 |   144 |   195 ||   459
       Battleaxe         |       |       |       |   256 |   877 ||  1133
Throw: Stone             |     4 |       |       |       |       ||     4
Invok: Berserk           |     1 |     3 |     7 |    10 |     7 ||    28
       Trog's Hand       |       |       |     1 |       |     3 ||     4
       Burn Spellbooks   |       |       |       |     1 |       ||     1
       Brothers in Arms  |       |       |       |     1 |     5 ||     6
 Abil: Evoke Flight      |       |       |       |       |     4 ||     4
Evoke: Wand              |       |       |       |       |     1 ||     1
  Use: Scroll            |       |     6 |    10 |    14 |    12 ||    42
       Potion            |       |     3 |       |     3 |     5 ||    11
  Eat: Chunk             |     4 |     4 |    11 |    11 |     6 ||    36
       Fruit             |       |     1 |     2 |     3 |     1 ||     7
       Bread ration      |       |     1 |     2 |       |     1 ||     4
       Meat ration       |       |       |       |     6 |     4 ||    10
       Royal jelly       |       |       |       |     2 |     3 ||     5
Armor: Animal skin       |    10 |       |       |       |       ||    10
       Ring mail         |    37 |    53 |     6 |       |       ||    96
       Scale mail        |       |       |   114 |    81 |   137 ||   332
       Plate armour      |       |       |       |   285 |   259 ||   544
Dodge: Dodged            |    54 |    90 |   170 |   219 |   335 ||   868
Block: Other             |       |       |       |       |    85 ||    85
       Reflection        |       |       |       |       |     7 ||     7
